 Dungeon Crawl Stone Soup version 0.30.0-15-g856e2d3f33 (webtiles) character file.

Game seed: 17527552756222214146

179 Darkkill the Shooter (level 5, -2/46 HPs)
             Began as a Minotaur Hunter on May 18, 2023.
             Killed by nerve-wracking pain
             ... invoked by an orc priest
              (11 damage)
             ... on level 3 of the Dungeon.
             The game lasted 00:04:35 (2037 turns).

Darkkill the Shooter (Minotaur Hunter)              Turns: 2037, Time: 00:04:36

Health: -2/46      AC:  4    Str: 15    XL:     5   Next: 32%
Magic:  4/4        EV: 13    Int:  6    God:
Gold:   133        SH:  0    Dex: 16    Spells: 4/4 levels left

rFire   . . .        a - +0 shortbow
rCold   . . .        (shield currently unavailable)
rNeg    . . .        c - +0 leather armour
rPois   .            (helmet restricted)
rElec   .            (no cloak)
rCorr   .            (no gloves)
SInv    .            j - +0 pair of boots
Will    .....        (no amulet)
Stlth   ++           (no ring)
HPRegen 0.27/turn    (no ring)
MPRegen 0.09/turn

%: no passive effects
@: no status effects
A: horns 2, retaliatory headbutt
a: no special abilities


You were on level 3 of the Dungeon.
You visited 1 branch of the dungeon, and saw 3 of its levels.

You collected 133 gold pieces.

Inventory:

Hand Weapons
 a - a +0 shortbow (weapon)
Missiles
 d - 21 stones
 i - 5 javelins
 k - 4 poisoned darts
Armour
 c - a +0 leather armour (worn)
 j - a +0 pair of boots (worn)
Jewellery
 g - a ring of willpower
Scrolls
 b - a scroll of immolation
 e - a scroll of blinking {unknown}
 l - a scroll of identify {@r1}
Potions
 f - a potion of invisibility {unknown}
 h - a potion of flight {unknown}
 m - 2 potions of resistance {unknown}
 n - a potion of might
 o - a potion of attraction
 p - a potion of berserk rage
 q - a potion of lignification {unknown}
 r - a potion of curing {unknown}
 s - a potion of mutation {unknown}


   Skills:
 + Level 3.9 Fighting
 + Level 5.2 Ranged Weapons
 + Level 3.6 Dodging
 + Level 2.3 Stealth


You had 4 spell levels left.
You didn't know any spells.
Your spell library contained the following spells:

 Spells                   Type           Power      Damage    Failure   Level
 Hailstorm                Conj/Ice       0%         3d3       88%         3
 Ice Form                 Ice/Tmut       0%         N/A       99%         4
 Simulacrum               Ice/Necr       0%         N/A       100%        6


Dungeon Overview and Level Annotations

Branches:
Dungeon (3/15)

Altars:
Sif Muna


Innate Abilities, Weirdness & Mutations

You have a pair of horns on your head.
You reflexively headbutt those who attack you in melee.


Message History

Found a club.
The orc moves out of view.
An orc and an orc priest come into view.
Found 9 gold pieces.
The orc shouts!
You hear a shout!
An orc priest comes into view. It is wielding a +0 falchion.
An endoplasm comes into view.
A ball python comes into view.
The endoplasm quivers.
You shoot an arrow. The ball python hisses angrily.
The arrow hits the orc priest.
The orc priest is moderately wounded.
The orc priest begins to cast a cantrip, but forgets the words!
The teleport trap disappears.
The endoplasm disappears!
An orc comes into view. It is wielding a +0 mace.
There are monsters nearby!
You shoot an arrow. The orc shouts!
The arrow hits the orc priest.
The orc priest is heavily wounded.
You hear a shout!
An orc priest comes into view. It is wielding a +0 short sword.
The orc priest looks satisfied for a moment.
The orc priest begins to cast a cantrip, but forgets the words!
You shoot an arrow. The arrow hits the orc!
You kill the orc!
There are monsters nearby!
You shoot an arrow.
The arrow hits the orc priest but does no damage.
The orc priest is moderately wounded.
The orc priest casts a cantrip, but nothing happens.
There are monsters nearby!
You shoot an arrow. The arrow barely misses the orc priest.
The arrow hits the orc priest!
The orc priest is heavily wounded.
The orc priest looks braver for a moment.
You shoot an arrow.
The arrow barely misses the ball python.
The orc priest calls down the wrath of Beogh upon you.
Beogh smites you!
The orc priest casts a cantrip, but nothing happens.
The ball python bites you but does no damage.
The ball python barely misses you.
The orc priest begins to cast a cantrip, but forgets the words!
The orc priest casts a cantrip, but nothing happens.
You are too injured to fight recklessly!
You are too injured to fight recklessly!
You are too injured to fight recklessly!
You are too injured to fight recklessly!
Fire: a) +0 shortbow
Press: ? - help, Q - select action, (/) - cycle Shift-Dir - straight line, f - orc priest, p - ball python
Aim: an orc priest, wielding a +0 hand axe (moderately wounded, 63% to hit)
You shoot an arrow. The arrow hits the orc priest.
The orc priest is heavily wounded.
The ball python bites you but does no damage.
The ball python misses you.
The orc priest mumbles some strange prayers to Beogh against you.
Beogh smites you!
The ball python bites you but does no damage.
The ball python completely misses you.
Fire: a) +0 shortbow
Press: ? - help, Q - select action, (/) - cycle Shift-Dir - straight line, f/p - orc priest
Aim: an orc priest, wielding a +0 hand axe (heavily wounded, 63% to hit)
You shoot an arrow.
The arrow completely misses the orc priest.
The arrow hits the orc priest!
The orc priest is heavily wounded.
The orc hits you with a +0 mace.
* * * LOW HITPOINT WARNING * * *
The orc priest looks braver for a moment.
The ball python bites you but does no damage.
The ball python grabs you. The ball python constricts you.
* * * LOW HITPOINT WARNING * * *
Fire: a) +0 shortbow
Press: ? - help, Q - select action, (/) - cycle Shift-Dir - straight line, f/p - orc priest
Aim: an orc priest, wielding a +0 hand axe (heavily wounded, 63% to hit)
You shoot an arrow. The arrow hits the orc priest!
You kill the orc priest!
The ball python barely misses you. You furiously retaliate!
You headbutt the ball python.
You kill the ball python!
The orc priest looks satisfied for a moment.
The orc hits you with a +0 mace.
* * * LOW HITPOINT WARNING * * *
You have reached level 5!
Fire: a) +0 shortbow
Press: ? - help, Q - select action, (/) - cycle Shift-Dir - straight line, f/p - orc priest
Aim: an orc priest, wielding a +0 hand axe (heavily wounded, 63% to hit)
You shoot an arrow. The arrow hits the orc priest!
You kill the orc priest!
The orc barely misses you. The orc hits you with a +0 mace.
* * * LOW HITPOINT WARNING * * *
Fire: a) +0 shortbow
Press: ? - help, Q - select action, (/) - cycle Shift-Dir - straight line, f - orc priest
Aim: an orc priest, wielding a +0 short sword and wearing a +0 leather armour (heavily wounded, 63% to hit)
You shoot an arrow. The arrow hits the orc priest.
The orc priest is almost dead.
The orc closely misses you.
The orc priest mumbles some strange prayers to Beogh against you.
Pain shoots through your body!
You die...

. #...# .. .. .....# #...# .....
#....# #...# ...... ....###...#
....#. ....##....# . ).).#
#.#.##....# ... ... #.#.##....#
$....#o##.#.##....# ####
#...........@..........###...
#.........?o........####...##
#......#######.#..........##
#......# #.##.........#
#......### #.##.........#
#........#####.##.........#
#......#....##.##......######
##.##...............>.........
####.......###......#..#......###


You could see an orc priest and an orc.

Vanquished Creatures
  2 orc priests (D:3)
  A jelly (D:3)
  An adder (D:2)
  A worm (D:3)
  4 dart slugs
  2 orcs (D:3)
  6 ball pythons
  4 endoplasms (D:1)
  4 goblins
  10 hobgoblins
  7 jackals (D:1)
  5 kobolds
  5 quokkas
  2 bats (D:3)
  4 frilled lizards
  7 rats
65 creatures vanquished.

Notes
Turn   | Place    | Note
-------+----------+-------------------------------------------
     0 | D:1      | Darkkill the Minotaur Hunter began the quest for the Orb.
     0 | D:1      | Reached XP level 1. HP: 18/18 MP: 0/0
    36 | D:1      | Reached skill level 1 in Stealth
    71 | D:1      | Reached XP level 2. HP: 25/25 MP: 1/1
   425 | D:1      | Reached XP level 3. HP: 28/31 MP: 2/2
  1750 | D:3      | Reached XP level 4. HP: 35/38 MP: 3/3
  1780 | D:3      | Found a shimmering blue altar of Sif Muna.
  1807 | D:3      | Reached skill level 5 in Ranged Weapons
  2036 | D:3      | Reached XP level 5. HP: 10/46 MP: 4/4
  2036 | D:3      | HP: 8/46 [orc/+0 mace (2)]
  2037 | D:3      | Killed from afar by an orc priest

Illustrated notes

Levels and vault maps discovered:
D:1:      dpeg_chamrin_arrival_tetris, layout_basic
D:2:      layout_loops_corners, grunt_ministairs_1,
          amcnicky_mini_corridor_feature
D:3:      layout_rooms, general_overflow_altar, ebering_ecumenical_altar_rust

Skill      XL: |  1  2  3  4 |
---------------+-------------+-----
Stealth        | 1 2 |  2.3
Fighting       | 3 |  3.9
Dodging        | 3 |  3.6
Ranged Weapons | 5 |  5.2

Action                     |  1- 3 |  4- 6 || total
---------------------------+-------+-------++-------
   Fire: Shortbow          |   105 |    42 ||   147
    Use: Scroll            |     7 |       ||     7
 Armour: Leather armour    |    15 |     4 ||    19
  Dodge: Dodged            |    25 |     7 ||    32

Levels and vault maps discovered:
D:1:      dpeg_chamrin_arrival_tetris, layout_basic
D:2:      layout_loops_corners, grunt_ministairs_1,
          amcnicky_mini_corridor_feature
D:3:      layout_rooms, general_overflow_altar, ebering_ecumenical_altar_rust

Table legend: (Time is in decaauts)
 A = Elapsed time spent in this place.
 B = Non-inter-level travel time spent in this place.
 C = Inter-level travel time spent in this place.
 D = Time resting spent in this place.
 E = Time spent auto-exploring this place.
 F = Levels seen in this place.
 G = Mean time per level.
                   A        B        C        D        E       F      G
               +--------+--------+--------+--------+--------+-----+--------+
         Total |   2080 |   1878 |    202 |      0 |   1577 |   3 |  693.3 |
       Dungeon |   2080 |   1878 |    202 |      0 |   1577 |   3 |  693.3 |
               +--------+--------+--------+--------+--------+-----+--------+

Top non-repeatable levels by time:
     D:1: 937 daAuts
     D:2: 841 daAuts
     D:3: 300 daAuts

Table legend:
 A = Kills in this place as a percentage of kills in the entire game.
 B = Kills by you in this place as a percentage of kills by you in the entire game.
 C = Kills by friends in this place as a percentage of kills by friends in the entire game.
 D = Other kills in this place as a percentage of other kills in the entire game.
 E = Experience gained in this place as a percentage of experience gained in the entire game.
 F = Experience gained in this place divided by the number of levels of this place that you have seen.
                   A       B       C       D       E      F
               +-------+-------+-------+-------+-------+----------------------
         Total | 100.0 | 100.0 |   N/A |   N/A | 100.0 |  85.3
       Dungeon | 100.0 | 100.0 |   N/A |   N/A | 100.0 |  85.3
               +-------+-------+-------+-------+-------+----------------------
